 Dungeon Crawl Stone Soup version 0.31.0-1-g2c135a008e (webtiles) character file.

Game seed: 2859732115690240748

36 qw the Shooter (level 3, -5/29 HPs)
             Began as a Djinni Hunter on Jan 23, 2024.
             Slain by a ribbon worm (8 damage)
             ... on level 2 of the Dungeon.
             The game lasted 00:00:02 (624 turns).

qw the Shooter (Djinni Hunter)                       Turns: 624, Time: 00:00:02

Health: -5/29      AC:  3    Str: 10    XL:     3   Next: 57%
Gold:   49         EV:  6    Int: 10    God:
                   SH:  0    Dex: 18

rFire   + + .        a - +0 shortbow
rCold   x . .        (shield currently unavailable)
rNeg    . . .        c - +0 leather armour
rPois   inf          (no helmet)
rElec   .            (no cloak)
rCorr   .            (no gloves)
SInv    .            (boots unavailable)
Will    .....        (no amulet)
Stlth   ++           (no ring)
HPRegen 0.24/turn    (no ring)
MPRegen 0.00/turn

%: infuse magic (-6 HP)
@: flying, held
A: sickness immunity, fire resistance 2, cold vulnerability 1, float, innate
caster, HP casting, extra vitality 1
a: no special abilities


You were on level 2 of the Dungeon.
You visited 1 branch of the dungeon, and saw 2 of its levels.

You collected 49 gold pieces.


Innate Abilities, Weirdness & Mutations

You are immune to sickness and miasma.
You are immune to poison.
Your flesh is very heat resistant. (rF++)
You are vulnerable to cold. (rC-)
You float through the air rather than walking.
You learn spells naturally, not from books.
Your magical power is your life essence.
You have superior vitality. (+4 MHP)


   Skills:
 + Level 2.5 Fighting
 - Level 4.0 Ranged Weapons
 - Level 2.1 Dodging
 - Level 0.7 Stealth


You knew the following spells:

 Your Spells              Type           Power      Damage    Failure   Level
a - Apportation           Tloc           0%         N/A       45%         1
Your spell library was empty.

Inventory:

Hand Weapons
 a - a +0 shortbow (weapon)
Armour
 c - a +0 leather armour (worn)

Dungeon Overview and Level Annotations

Branches:
Dungeon (2/15)

Altars:

Shops:
D:1 !


Message History

The arrow barely misses the ribbon worm.
The ribbon worm expels a string of sticky webbing.
The stream of webbing hits you but does no damage.
You are caught in a web!
The web tears apart.
The ribbon worm completely misses you.
You shoot an arrow. The arrow hits the ribbon worm.
The ribbon worm is heavily wounded.
The ribbon worm bites you.
You shoot an arrow.
The arrow hits the ribbon worm but does no damage.
The ribbon worm is heavily wounded.
The ribbon worm barely misses you.
You shoot an arrow.
The arrow hits the ribbon worm but does no damage.
The ribbon worm is heavily wounded.
You shoot an arrow.
The arrow barely misses the ribbon worm.
The ribbon worm bites you. The kobold barely misses you.
The kobold hits you with a +0 dagger. The ribbon worm bites you.
You shoot an arrow. The arrow hits the ribbon worm.
The ribbon worm is severely wounded.
The kobold hits you but does no damage. The ribbon worm barely misses you.
You shoot an arrow.
The arrow hits the ribbon worm but does no damage.
The ribbon worm is severely wounded.
The kobold barely misses you.
The ribbon worm expels a string of sticky webbing.
The stream of webbing hits you but does no damage.
You are caught in a web!
You struggle to detach yourself from the web.
The kobold barely misses you.
You struggle to detach yourself from the web.
The ribbon worm bites you. The kobold hits you with a +0 dagger.
You struggle to detach yourself from the web.
The kobold hits you with a +0 dagger.
The ribbon worm bites you but does no damage.
You struggle to detach yourself from the web.
The kobold hits you with a +0 dagger. The ribbon worm bites you!
You die...

#.......
.####......
..........# ##
..........##...
.............
#..........
#...)wK#
#....@.#
.....!...#
.......###
....... ....<##
..... ####


You could see a ribbon worm and a kobold.

Vanquished Creatures
  An adder (D:2)
  2 dart slugs (D:1)
  2 ball pythons (D:1)
  An endoplasm (D:1)
  2 giant cockroaches (D:1)
  3 goblins
  3 kobolds (D:1)
  2 quokkas (D:1)
  2 bats (D:1)
  5 frilled lizards
23 creatures vanquished.

Notes
Turn   | Place    | Note
-------+----------+-------------------------------------------
     0 | D:1      | qw the Djinni Hunter began the quest for the Orb.
     0 | D:1      | Reached XP level 1. HP: 18/18 MP: 0/0
     0 | D:1      | 0 ||| qw: Version: 0.3-a-132-g3d54051
     0 | D:1      | 0 ||| qw: Game counter: 582
     0 | D:1      | 0 ||| qw: Melee chars always use a shield: true
     0 | D:1      | 0 ||| qw: God list: Okawaru
     0 | D:1      | 0 ||| qw: Allow faded altars: false
     0 | D:1      | 0 ||| qw: Do Orc after clearing Dungeon:15 true
     0 | D:1      | 0 ||| qw: Do second Lair branch before Depths: true
     0 | D:1      | 0 ||| qw: Lair rune preference: random
     0 | D:1      | 0 ||| qw: Goals: Normal
     0 | D:1      | 0 ||| PLANNING D:1-11
    38 | D:1      | Found Kawnin's Distillery.
    49 | D:1      | 49 ||| SHOPLISTING 2 potions of enlightenment (130 gold,
                  | have 8).
    49 | D:1      | 49 ||| SHOPLISTING potion of cancellation (104 gold, have
                  | 8).
    49 | D:1      | 49 ||| SHOPLISTING potion of curing (39 gold, have 8).
    49 | D:1      | 49 ||| SHOPLISTING potion of might (52 gold, have 8).
    49 | D:1      | 49 ||| SHOPLISTING potion of mutation (104 gold, have 8).
    49 | D:1      | 49 ||| SHOPLISTING potion of resistance (130 gold, have 8).
   103 | D:1      | Reached XP level 2. HP: 21/23 MP: 0/0
   391 | D:1      | Reached XP level 3. HP: 27/28 MP: 0/0
   391 | D:1      | Learned a level 1 spell: Apportation
   393 | D:1      | Reached skill level 4 in Ranged Weapons
   564 | D:1      | 564 ||| READING scroll labelled WAISSOLIST.
   565 | D:1      | 565 ||| READING scroll labelled TYETENI ZALEWO.
   565 | D:1      | 565 ||| IDENTIFYING scroll labelled XEIG PEDACAPE
   566 | D:1      | 566 ||| DROPPING scroll of butterflies.
   567 | D:1      | 567 ||| DROPPING scroll of blinking.
   622 | D:2      | HP: 5/29 [ribbon worm (5)]
   624 | D:2      | Slain by a ribbon worm

Levels and vault maps discovered:
D:1:      spicycebolla_green_bress_n_ham_2, layout_loops_ring, serial_shops,
          shop, st_stairs_14
D:2:      layout_basic, eino_curves_02, minmay_3d_cube

Skill      XL: |  1  2  3 |
---------------+----------+-----
Ranged Weapons | 4 |  4.0
Fighting       | |  2.5
Dodging        | |  2.1
Stealth        | |  0.7

Action                     || total
---------------------------++-------
   Fire: Shortbow          ||    60
    Use: Scroll            ||     2
 Armour: Leather armour    ||    19
  Dodge: Dodged            ||    18

Table legend:
 A = Non-vault XP
 B = Vault XP
 C = Vault XP percentage of total XP
 D = Non-vault monster count
 E = Vault monster count
 F = Vault count percentage of total count
                 A         B        C        D         E       F
            +---------+---------+-------+---------+---------+-------
      Total |      51 |       1 |   1.9 |      22 |       1 |   4.3
            +---------+---------+-------+---------+---------+-------
        D:1 |      35 |       1 |   2.8 |      19 |       1 |   5.0
        D:2 |      16 |       0 |   0.0 |       3 |       0 |   0.0
            +---------+---------+-------+---------+---------+-------
